 Dungeon Crawl Stone Soup version 0.21-a0-243-g597973d (webtiles) character file.

8623 Atlas the Magician (level 11, -6/80 HPs)
             Began as a Demonspawn Ice Elementalist on Sept 5, 2017.
             Was an Elder of Cheibriados.
             Mangled by a freezing wraith (7 damage)
             ... led by a death knight
             ... on level 10 of the Dungeon.
             The game lasted 00:25:45 (12273 turns).

Atlas the Magician (Demonspawn Ice Elementalist)   Turns: 12273, Time: 00:25:46

Health: -6/80      AC: 15    Str: 23    XL:     11   Next: 12%
Magic:  0/25       EV: 21    Int: 36    God:    Cheibriados [****..]
Gold:   228        SH:  0    Dex: 28    Spells: 11/25 levels left

rFire    + . .     SeeInvis .   n - +7 demon whip "Mevidu" {venom, rC++}
rCold    + + .     Gourm    .   (no shield)
rNeg     . . .     Faith    .   i - +3 leather armour {rPois}
rPois    +         Spirit   +   (helmet unavailable)
rElec    .         Reflect  .   (no cloak)
rCorr    .         Harm     .   (no gloves)
MR       .....                  (no boots)
Stlth    ++++......             (no amulet)
HPRegen  0.23/turn              j - ring of wizardry
MPRegen  0.19/turn              C - +5 ring of intelligence

@: mighty, agile, icy armour, slowed, very slow
A: claws 1, horns 3, talons 1, iridescent scales 1, deformed body, demonic
guardian 1, fire resistance 1, high mp 1, magic shield
a: Bend Time, Temporal Distortion, Slouch, Renounce Religion


You were on level 10 of the Dungeon.
You worshipped Cheibriados.
Cheibriados was greatly pleased with you.
You were not hungry.

You visited 2 branches of the dungeon, and saw 11 of its levels.
You also visited: Bailey.

You collected 516 gold pieces.
You spent 288 gold pieces at shops.

Inventory:

Hand Weapons
 n - the +7 demon whip "Mevidu" (weapon) {venom, rC++}
   (You took it off a kobold in a bailey)

   It poisons the flesh of those it strikes.
   It greatly protects you from cold.
 G - the +5 dagger of Guile {antimagic, rC+ SInv}
   (You found it on level 9 of the Dungeon)

   It reduces the magical energy of the wielder, and disrupts the spells and
   magical abilities of those hit.
   Natural abilities and divine invocations are not affected.
   It protects you from cold.
   It lets you see invisible.
Armour
 f - a +2 robe of magic resistance
 i - a +3 leather armour of poison resistance (worn)
 u - a +3 ring mail of cold resistance
Magical Staves
 D - an uncursed staff of air
Jewellery
 j - a ring of wizardry (left claw)
 C - a +5 ring of intelligence (right claw)
Wands
 g - a wand of digging (13/24)
 s - a wand of acid (10/15)
 v - a wand of acid (1/15)
 w - a wand of acid (8/15)
 x - a wand of disintegration (2/24)
 E - a wand of flame (26/48)
Scrolls
 a - 2 scrolls of enchant weapon
 m - a scroll of fog
 o - 5 scrolls of remove curse
 p - 4 scrolls of amnesia
 t - a scroll of fear {unknown}
Potions
 d - a potion of flight
 e - a potion of mutation
 r - 2 potions of brilliance
Books
 b - a book of Frost

   Spells                             Type                      Level
   a - Freeze                         Ice                          1
   b - Throw Frost                    Conjuration/Ice              2
   c - Ozocubu's Armour               Charms/Ice                   3
   d - Throw Icicle                   Conjuration/Ice              4
   e - Summon Ice Beast               Ice/Summoning                4
 k - a book of Cantrips

   Spells                             Type                      Level
   a - Confusing Touch                Hexes                        1
   b - Animate Skeleton               Necromancy                   1
   c - Summon Small Mammal            Summoning                    1
   d - Apportation                    Translocation                1
Miscellaneous
 y - a crystal ball of energy
 F - a lightning rod (3/4)
Comestibles
 c - 5 bread rations
 h - 6 royal jellies
 l - 6 meat rations
 q - 3 fruits


   Skills:
 + Level 5.3 Fighting
 + Level 4.8(6.6) Maces & Flails
 + Level 6.8(7.6) Staves
 + Level 3.6 Armour
 + Level 4.8 Dodging
 - Level 1.7 Stealth
 + Level 7.9 Spellcasting
 + Level 2.5 Conjurations
 + Level 1.2 Charms
 + Level 1.5 Summonings
 + Level 7.4 Ice Magic
 + Level 0.6 Evocations


You had 11 spell levels left.
You knew the following spells:

 Your Spells              Type           Power        Failure   Level  Hunger
a - Freeze                Ice            ####         1%          1    None
b - Throw Frost           Conj/Ice       ######       1%          2    None
c - Ozocubu's Armour      Chrm/Ice       #####...     1%          3    None
d - Throw Icicle          Conj/Ice       ######..     1%          4    None
e - Summon Ice Beast      Ice/Summ       #####...     2%          4    None


Dungeon Overview and Level Annotations

Branches:
Dungeon (10/15)            Temple (1/1) D:5            Lair (0/6) D:8
    Orc: D:9-12

Altars:
Ashenzari
Cheibriados
Dithmenos
Elyvilon
Fedhas
Gozag
Hepliaklqana
Kikubaaqudgha
Makhleb
Nemelex Xobeh
Okawaru
Qazlal
Ru
Sif Muna
Trog
Uskayaw
Vehumet
Wu Jian
Yredelemnul
The Shining One

Shops:
D:4 ?:(   D:8 %

Annotations:
D:3 Ijyb; tehllama's ghost, weakling DsFi
D:10 Josephine


Innate Abilities, Weirdness & Mutations

You have a pair of large horns on your head.
You are partially covered in iridescent scales. (AC +2)
A weak demonic guardian rushes to your aid.
When hurt, damage is shared between your health and your magic reserves.
You have sharp fingernails.
You have sharp toenails.
Armour fits poorly on your strangely shaped body.
Your flesh is heat resistant. (rF+)
You have an increased reservoir of magic. (+10% MP)


Message History

Cheibriados thoroughly appreciates the change of pace.
The wraith hits you!
* * * LOW HITPOINT WARNING * * *
Unknown command.
You thrash the wraith!! You claw the wraith. You headbutt the wraith.
The wraith is almost destroyed.
The wraith barely misses you. x2
You whack the wraith!
You destroy the wraith!
Cheibriados thoroughly appreciates the change of pace.
The freezing wraith completely misses you.
The freezing wraith barely misses you. The freezing wraith closely misses you.
The freezing wraith completely misses you. x2
The freezing wraith hits you.
* * * LOW HITPOINT WARNING * * *
The freezing wraith hits you.
* * * LOW HITPOINT WARNING * * *
The freezing wraith freezes you! You resist.
You die...

..
###################...
#.....................
#.....................
####............J....@
#...###########....
#.@W#....... ...
#...#....... #..W.
#...'....... #....
#...#....... #....
#...#########+#....
#..................
#..................
#..................
#..................


You could see a freezing wraith.

Vanquished Creatures
  A death knight (D:10)
  The ghost of ShutUppercut the Cleaver, a novice HOMo of Qazlal (D:7)
  An orc knight (Bailey)
  A phantasmal warrior (D:10)
  Joseph (D:7)
  A troll (D:10)
  A hippogriff (D:7)
  Sigmund (D:2)
  6 wraiths (D:10)
  Menkaure (D:7)
  A water moccasin (D:9)
  4 orc warriors
  2 sky beasts (D:5)
  An ice beast (D:9)
  2 phantoms
  3 black bears
  4 ogres
  3 centaurs
  9 bullfrogs
  A water moccasin zombie (D:10)
  4 scorpions
  5 wights
  5 crimson imps
  A quasit (D:10)
  4 jellies
  4 hounds
  A lava snake (D:8)
  7 orc priests
  4 orc wizards
  A centaur skeleton (D:8)
  An iguana (D:5)
  6 worker ants
  A killer bee zombie (D:8)
  2 hound skeletons
  11 gnolls
  5 adders
  An adder skeleton (D:7)
  An adder zombie (D:9)
  2 worms
  A dart slug (D:2)
  8 leopard geckos
  29 orcs
  A ball python (D:3)
  2 giant cockroaches
  9 goblins
  7 hobgoblins
  5 jackals
  22 kobolds
  5 quokkas
  4 bats
  14 frilled lizards
  A jackal skeleton (D:4)
  A quokka skeleton (D:7)
  8 rats
228 creatures vanquished.

Vanquished Creatures (collateral kills)
  An orc knight (Bailey)
  A troll (D:10)
  An ice beast (D:5)
  3 orc warriors (Bailey)
  A sky beast (D:6)
  2 big kobolds (D:6)
  A wight (D:6)
  A jelly (D:8)
  An orc wizard (D:9)
  A hound zombie (D:8)
  A howler monkey zombie (D:5)
  An orc (D:9)
  3 goblins (Bailey)
  7 kobolds
25 creatures vanquished.

Grand Total: 253 creatures vanquished

Notes
Turn   | Place    | Note
-------+----------+-------------------------------------------
     0 | D:1      | Atlas the Demonspawn Ice Elementalist began the quest for the Orb.
     0 | D:1      | Reached XP level 1. HP: 13/13 MP: 3/3
   294 | D:1      | Gained mutation: You have a pair of small horns on your head. [demonic ancestry]
   294 | D:1      | Reached XP level 2. HP: 19/19 MP: 0/5
   982 | D:1      | Gained mutation: You have a pair of horns on your head. [demonic ancestry]
   982 | D:1      | Reached XP level 3. HP: 18/24 MP: 3/6
  1681 | D:2      | Learned a level 2 spell: Throw Frost
  1685 | D:2      | Learned a level 3 spell: Ozocubu's Armour
  1959 | D:2      | Found a bloodstained altar of Trog.
  2132 | D:2      | Noticed Sigmund
  2152 | D:2      | Gained mutation: You have sharp toenails. [potion of mutation]
  2152 | D:2      | Gained mutation: You have an increased reservoir of magic. (+10% MP) [potion of mutation]
  2152 | D:2      | Gained mutation: Armour fits poorly on your strangely shaped body. [potion of mutation]
  2152 | D:2      | Gained mutation: You have sharp fingernails. [potion of mutation]
  2180 | D:2      | Killed Sigmund
  2180 | D:2      | Reached XP level 4. HP: 26/31 MP: 0/10
  2180 | D:2      | Reached XP level 5. HP: 30/36 MP: 0/11
  2279 | D:2      | Reached skill level 1 in Fighting
  2707 | D:2      | Gained mutation: When hurt, damage is shared between your health and your magic reserves. [demonic ancestry]
  2707 | D:2      | Reached XP level 6. HP: 43/43 MP: 9/13
  3026 | D:3      | Noticed Ijyb
  3027 | D:3      | Noticed tehllama's ghost (weakling DsFi)
  3216 | D:3      | Found a glowing golden altar of the Shining One.
  3463 | D:3      | Learned a level 4 spell: Throw Icicle
  3692 | D:4      | Found Otiliris's Antique Weapon Boutique.
  3733 | D:4      | Found Osaomuph's Magic Scroll Emporium.
  3815 | D:4      | Found Xelomowuir's Book Boutique.
  4405 | D:4      | Found a glowing golden altar of the Shining One.
  4466 | D:5      | Entered Level 5 of the Dungeon
  4596 | D:5      | Reached skill level 5 in Spellcasting
  4687 | D:5      | Gained mutation: A weak demonic guardian rushes to your aid. [demonic ancestry]
  4687 | D:5      | Reached XP level 7. HP: 36/48 MP: 9/16
  4721 | D:5      | Reached skill level 5 in Ice Magic
  5004 | D:5      | Gained mutation: Your flesh is heat resistant. (rF+) [mutagenic meat]
  5221 | D:5      | Found a staircase to the Ecumenical Temple.
  5276 | Temple   | Entered the Ecumenical Temple
  5309 | Temple   | Became a worshipper of Cheibriados the Contemplative
  5694 | D:6      | Gained mutation: You are partially covered in iridescent scales. (AC +2) [demonic ancestry]
  5694 | D:6      | Reached XP level 8. HP: 24/54 MP: 3/19
  6163 | D:4      | Bought a brightly glowing quarterstaff for 288 gold pieces
  6163 | D:4      | Identified the cursed +2 quarterstaff of Ishreez {freeze, MR+ Str+2} (You bought it in a shop on level 4 of the Dungeon)
  6287 | D:6      | Reached * piety under Cheibriados
  6820 | D:7      | Noticed Joseph
  6841 | D:7      | Killed Joseph
  6841 | D:7      | Reached skill level 1 in Staves
  7425 | D:7      | Gained mutation: You have a pair of large horns on your head. [demonic ancestry]
  7425 | D:7      | Reached XP level 9. HP: 55/62 MP: 19/21
  7426 | D:7      | Noticed Menkaure
  7432 | D:7      | Killed Menkaure
  7467 | D:7      | Noticed ShutUppercut's ghost (novice HOMo)
  7505 | D:6      | Reached skill level 1 in Armour
  7771 | D:7      | Reached ** piety under Cheibriados
  8096 | D:7      | Killed ShutUppercut's ghost
  8096 | D:7      | Reached skill level 5 in Staves
  9032 | D:8      | Found Xupsie's Food Boutique.
  9315 | D:8      | Found a staircase to the Lair.
  9804 | D:8      | Learned a level 4 spell: Summon Ice Beast
  9822 | D:8      | Reached XP level 10. HP: 72/73 MP: 22/22
 10018 | D:9      | Reached *** piety under Cheibriados
 10128 | D:9      | Found a flagged portal.
 10139 | Bailey   | Entered a bailey
 10151 | Bailey   | Noticed an orc knight
 10159 | Bailey   | Noticed an orc knight
 10291 | Bailey   | Got a blackened demon whip {venom}
 10599 | Bailey   | Killed an orc knight
 10600 | Bailey   | Killed an orc knight
 10603 | Bailey   | Reached skill level 1 in Summonings
 10737 | Bailey   | Identified the +7 demon whip "Mevidu" {venom, rC++} (You took it off a kobold in a bailey)
 10868 | Bailey   | Reached **** piety under Cheibriados
 11190 | D:9      | Reached skill level 1 in Maces & Flails
 11426 | D:9      | Got a brightly glowing dagger
 11427 | D:9      | Identified the +5 dagger of Guile {antimagic, rC+ SInv} (You found it on level 9 of the Dungeon)
 11652 | D:10     | Entered Level 10 of the Dungeon
 11687 | D:10     | Reached skill level 5 in Fighting
 11692 | D:10     | Reached skill level 1 in Charms
 11767 | D:10     | Noticed a phantasmal warrior
 11770 | D:10     | Noticed a death knight
 12224 | D:10     | Noticed Josephine
 12266 | D:10     | Killed a death knight
 12266 | D:10     | Reached XP level 11. HP: 21/80 MP: 2/25
 12270 | D:10     | Killed a phantasmal warrior
 12273 | D:10     | HP: 3/80 [freezing wraith[a death knight] (3)]
 12273 | D:10     | HP: 1/80 [freezing wraith[a death knight] (2)]
 12273 | D:10     | Mangled by a freezing wraith

Vault maps used:
D:1:      minmay_arrival_shoal_huts, serial_forest,
          infiniplex_forest_straight_1, infiniplex_forest_straight_5,
          infiniplex_forest_lined_3, infiniplex_forest_clump_small,
          infiniplex_forest_corner_2, infiniplex_forest_clump_tiny,
          infiniplex_forest_end_double, minmay_lizard_king
D:2:      trog_three_pillars_becter, uniq_sigmund
D:3:      tso_oasis_becter, uniq_ijyb
D:4:      corexii_shack_village, serial_shops,
          nicolae_shop_competitors_out_of_business, shop, shop, first_bread,
          nicolae_tso_swordbearing_angel
D:5:      minmay_temple_entry_butterflies, kennysheep_generic_room_11
D:6:      cheibrodos_thug_alley, serial_corexii_hall, corexii_hall_statues_i,
          corexii_hall_statues_deadend, kennysheep_generic_room_5
D:7:      uniq_menkaure, uniq_joseph
D:8:      lair_entry_dummy, serial_shops, shop, corexii_leaking_fountain,
          kennysheep_potato
D:9:      enter_bailey_8
D:10:     uniq_josephine
Temple:   nicolae_temple_the_god_donut
Bailey:   bailey_axe_4, bailey

Skill      XL: |  1  2  3  4  5  6  7  8  9 10 |
---------------+-------------------------------+-----
Dodging        | 2 3 4 |  4.8
Ice Magic      | 3 4 5 6 7 |  7.4
Spellcasting   | 3 4 5 6 7 |  7.9
Fighting       | 1 2 4 5 |  5.3
Staves         | 3 6 |  6.8
Armour         | 3 |  3.6
Conjurations   | 2 |  2.5
Summonings     | 1 |  1.5
Maces & Flails | 4 |  4.8
Charms         | 1 |  1.2
Stealth        | |  1.7
Evocations     | |  0.6

Action                   |  1- 3 |  4- 6 |  7- 9 | 10-12 || total
-------------------------+-------+-------+-------+-------++-------
Melee: Unarmed           |    77 |    70 |    20 |       ||   167
       Headbutt          |     7 |     9 |    29 |    42 ||    87
       Kick              |     1 |    10 |    70 |    48 ||   129
       Quarterstaff      |       |       |   212 |    34 ||   246
       Demon whip        |       |       |       |    96 ||    96
 Cast: Freeze            |    65 |    71 |    49 |       ||   185
       Ozocubu's Armour  |       |     1 |     6 |     8 ||    15
       Throw Frost       |       |       |     5 |     2 ||     7
       Throw Icicle      |       |       |     5 |    18 ||    23
       Summon Ice Beast  |       |       |       |     6 ||     6
Evoke: Wand              |       |       |     2 |     1 ||     3
       Lightning rod     |       |       |       |     3 ||     3
  Use: Scroll            |     2 |     7 |     2 |    12 ||    23
       Potion            |     2 |     1 |     4 |     4 ||    11
 Stab: Sleeping          |     2 |     3 |     2 |       ||     7
       Distracted        |       |       |     3 |     2 ||     5
  Eat: Chunk             |     4 |     6 |     9 |     2 ||    21
       Royal jelly       |       |     1 |       |     1 ||     2
       Bread ration      |       |       |     1 |       ||     1
Armor: Robe              |    13 |    25 |    27 |       ||    65
       Ring mail         |       |       |    18 |       ||    18
       Leather armour    |       |       |    21 |    49 ||    70
       Skin              |       |       |    16 |       ||    16
Dodge: Dodged            |    86 |    77 |   195 |   172 ||   530

Table legend:
 A = Spawn XP
 B = Non-spawn XP
 C = Spawn XP percentage of total XP
 D = Spawn monster count
 E = Non-spawn monster count
 F = Spawn count percentage of total count
 G = Total turns spent on level
                    A         B        C        D         E        F      G
               +---------+---------+-------+---------+---------+-------+---------
         Total |     943 |   11376 |   7.7 |      28 |     225 |  11.1 | 12273
               +---------+---------+-------+---------+---------+-------+---------
           D:1 |       8 |      46 |  14.8 |       4 |      31 |  11.4 |  1525
           D:2 |       2 |     325 |   0.6 |       1 |      23 |   4.2 |  1443
           D:3 |      35 |      21 |  62.5 |       2 |       7 |  22.2 |   609
           D:4 |      34 |     128 |  21.0 |       2 |      16 |  11.1 |   975
           D:5 |     188 |     572 |  24.7 |       4 |      11 |  26.7 |  1214
           D:6 |     217 |     512 |  29.8 |       4 |      27 |  12.9 |  1258
           D:7 |     338 |    2189 |  13.4 |      10 |      18 |  35.7 |  1837
           D:8 |     121 |     938 |  11.4 |       1 |      22 |   4.3 |  1040
           D:9 |       0 |    1307 |   0.0 |       0 |      27 |   0.0 |   825
          D:10 |       0 |    3723 |   0.0 |       0 |      16 |   0.0 |   621
        Bailey |       0 |    1615 |   0.0 |       0 |      27 |   0.0 |   859
               +---------+---------+-------+---------+---------+-------+---------
